Map: King Sejong Station LE

Players

Gyyyzmo

  • Race: Terran Terran

blackxored - Winner!

  • Race: Zerg Zerg
  • League: Diamond

VOD

Have the link to the VOD?

Description

Time

  • Played on: July 1, 2016, 11:06 a.m.
  • Length: 17:11
Show
View Real Time Build Order
Export as new Build Order

Gyyyzmo Terran 

Build Orders: Command Center First (CC), MMM Bio 

Get SALT Encoding   

  12  0:08  SCV  
  13  0:17  Supply Depot  
  13  0:21  SCV  
  14  0:33  SCV  
  15  0:45  SCV  
  16  1:01  SCV  
  16  1:03  Command Center  
  17  1:13  SCV  
  17  1:17  Barracks  
  18  1:23  Refinery  
  19  1:25  SCV  
  19  1:37  SCV  
  20  1:51  SCV  
  21  2:06  Reaper  
  21  2:07  Orbital Command  
  22  2:12  Supply Depot  
  22  2:15  Orbital Command  
  22  2:35  SCV  
  23  2:43  Command Center  
  22  2:47  Factory  
  22  2:49  Marine  
  23  2:53  SCV  
  23  2:54  SCV  
  25  3:15  SCV x2  
  25  3:17  Barracks Reactor  
  27  3:26  Bunker  
  27  3:27  SCV x2  
  27  3:31  Refinery  
  29  3:35  Hellion  
  29  3:40  Supply Depot  
  31  3:42  Supply Depot  
  31  3:53  SCV x2  
  33  3:56  Orbital Command  
  33  4:14  Supply Depot  
  33  4:21  Refinery, SCV x2  
  33  4:22  SCV  
  36  4:24  Refinery  
  36  4:28  Starport  
  36  4:33  Marine, Barracks  
  36  4:35  Barracks  
  36  4:36  Marine  
  36  4:38  Barracks  
  38  4:40  SCV  
  39  4:51  SCV x2, Liberator  
  41  4:53  SCV  
  41  4:54  Factory Tech Lab  
  42  5:03  Engineering Bay, SCV x2  
  42  5:04  Engineering Bay, Marine x2  
  42  5:05  SCV  
  50  5:16  Barracks  
  50  5:17  SCV x2  
  50  5:18  SCV  
  53  5:29  Barracks Reactor  
  53  5:30  Barracks Reactor, Barracks Tech Lab  
  53  5:33  Siege Tank  
  53  5:35  Marine x2  
  56  5:38  Terran Infantry Weapons Level 1, Terran Infantry Armor Level 1  
  56  5:41  Armory  
  58  5:52  Starport Reactor  
  58  5:57  Marine x2  
  58  5:58  Marauder  
  58  6:03  Barracks Reactor  
  62  6:07  Marine x3, Command Center  
  62  6:08  Marine  
  66  6:16  Marine x2  
  66  6:17  SCV  
  69  6:19  Marauder  
  69  6:25  Marine x3  
  73  6:26  Marine  
  73  6:27  Stimpack  
  75  6:33  Marine, Terran Ship Weapons Level 1  
  76  6:45  SCV x2  
  76  6:46  SCV  
  79  6:47  Viking  
  79  6:48  Medivac  
  79  6:49  Marine  
  79  6:50  Marine  
  85  7:04  Orbital Command  
  85  7:11  Supply Depot  
  85  7:15  Supply Depot  
  85  7:17  Supply Depot  
  85  7:19  Marine x4, SCV x2  
  85  7:20  Orbital Command  
  85  7:22  Marine x5  
  95  7:27  Supply Depot  
  96  7:31  Supply Depot  
  96  7:34  Terran Infantry Weapons Level 2  
  96  7:40  SCV x2  
  96  7:41  Marauder, SCV  
  101  7:52  SCV x2  
  101  7:57  SCV  
  101  7:58  SCV  
  102  8:04  SCV  
  102  8:05  SCV  
  104  8:07  Bunker  
  104  8:09  SCV  
  104  8:10  Supply Depot, SCV  
  104  8:11  Supply Depot  
  106  8:13  Supply Depot  
  106  8:17  Marine x5  
  106  8:18  Marine x3  
  106  8:19  Marauder  
  116  8:22  Terran Infantry Armor Level 2  
  116  8:27  Combat Shields  
  116  8:34  Supply Depot  
  116  8:36  Supply Depot  
  116  8:38  SCV  
  116  8:39  SCV x3  
  120  8:42  Refinery  
  120  8:43  Refinery  
  120  8:44  Command Center  
  120  8:47  Missile Turret  
  120  8:52  Marine  
  120  8:53  Marine x5  
  120  8:55  Marine  
  127  8:57  Marine x2  
  127  9:00  SCV x2  
  131  9:19  Starport  
  131  9:21  Starport  
  131  9:23  Fusion Core  
  131  9:25  Missile Turret  
  131  9:27  Missile Turret  
  131  9:29  Missile Turret x2  
  131  9:30  Missile Turret  
  131  9:31  Missile Turret  
  131  9:43  Marine  
  131  9:44  Marine x6  
  131  9:45  Marauder  
  140  9:46  Command Center  
  140  9:53  Bunker  
  139  10:06  Marauder  
  141  10:23  Missile Turret  
  141  10:27  Marauder  
  143  10:33  Liberator x2  
  143  10:37  Barracks x2  
  143  10:40  Refinery  
  143  10:41  Starport Reactor, Refinery, Starport Tech Lab  
  141  10:46  Marine x4  
  141  10:47  Marine x4, Barracks  
  141  10:48  Siege Tank  
  152  10:50  Barracks  
  152  10:51  Terran Infantry Weapons Level 3, Terran Infantry Armor Level 3  
  152  10:52  Terran Ship Weapons Level 2  
  157  10:58  Armory  
  113  11:17  Marine x9  
  111  11:23  Liberator x2  
  111  11:24  Liberator x3  
  111  11:29  Command Center  
  111  11:31  Command Center  
  111  11:36  Marauder  
  111  11:43  Marine x2  
  111  11:44  Marine  
  111  11:46  Barracks Tech Lab  
  129  11:47  Barracks Tech Lab x2  
  129  11:48  Barracks Tech Lab  
  129  11:57  Marauder  
  131  12:06  Liberator  
  131  12:08  Marine x6  
  133  12:09  Marine x2  
  133  12:10  Marauder x2  
  133  12:11  Marauder  
  133  12:13  Marauder  
  147  12:18  Marauder  
  147  12:22  Missile Turret  
  148  12:23  Medivac  
  148  12:24  Medivac x3  
  148  12:28  Marine  
  148  12:29  Marine x5  
  138  12:31  Marauder  
  138  12:32  Marauder  
  138  12:33  Marauder  
  138  12:34  Marauder  
  138  12:36  Liberator x2  
  138  12:37  Liberator  
  117  12:45  Marine, Marauder  
  117  12:46  Marine x5  
  125  12:53  Marauder x2  
  125  12:54  Marauder  
  140  13:01  Marine x3  
  140  13:03  Marine x2  
  140  13:04  Marine x2  
  147  13:16  Marine  
  147  13:17  Marine x3  
  151  13:30  Missile Turret  
  151  13:31  Planetary Fortress  
  151  13:32  Missile Turret  
  151  13:34  Marine  
  151  13:35  Marine x9  
  161  13:41  Terran Ship Weapons Level 3  
  161  13:46  SCV x3  
  161  13:47  SCV  
  165  13:59  SCV x3  
  168  14:04  Liberator, Missile Turret  
  168  14:05  Liberator  
  164  14:19  Marine  
  164  14:20  Marine x2, Marauder x5  
  164  14:21  Marine x2, Siege Tank  
  188  14:41  Marauder  
  190  14:50  Orbital Command  
  148  15:27  Marine x4  
  148  15:28  Marine x2  
  141  15:32  Marine x7  
  137  15:45  Marine x5  
  137  15:46  Marine  
  137  15:49  Marine  
  143  15:54  Liberator x4  
  143  15:55  Liberator  
  143  15:56  Marine x2  
  146  16:04  Marine x5  
  146  16:05  Marine x5  
  146  16:07  Marine  
  157  16:14  Marine x2  
  157  16:15  Refinery  
  157  16:16  Refinery  
  174  16:22  Marine  
Show
View Real Time Build Order
Export as new Build Order

blackxored Zerg - Winner!

Build Orders: Hatch First 

Get SALT Encoding   

  12  0:01  Drone  
  13  0:10  Drone  
  14  0:18  Overlord  
  14  0:25  Extractor, Drone  
  15  0:38  Drone x2  
  17  0:59  Hatchery  
  17  1:00  Drone x2  
  18  1:07  Drone  
  19  1:14  Extractor  
  18  1:20  Spawning Pool  
  18  1:22  Drone  
  18  1:27  Drone  
  19  1:38  Overlord  
  19  1:48  Drone  
  20  2:07  Queen  
  20  2:08  Zergling x2  
  23  2:16  Hatchery  
  23  2:18  Queen  
  23  2:22  Zergling x2  
  25  2:29  Metabolic Boost  
  25  2:35  Drone x2  
  27  2:38  Drone  
  27  2:42  Drone  
  29  2:45  Drone  
  30  2:54  Queen  
  32  3:00  Overlord  
  32  3:23  Pneumatized Carapace  
  32  3:24  Drone x3  
  32  3:25  Drone x4  
  39  3:28  Overlord  
  39  3:38  Zergling x6  
  41  3:52  Drone x2  
  41  3:53  Drone x5  
  48  4:10  Drone x5  
  48  4:11  Overlord x2  
  53  4:21  Queen  
  53  4:22  Queen  
  57  4:28  Queen  
  59  4:32  Overlord x2  
  59  4:50  Drone x7  
  59  4:51  Drone x5  
  71  5:10  Extractor  
  71  5:11  Extractor  
  69  5:14  Drone  
  69  5:15  Extractor  
  69  5:16  Extractor, Drone x3  
  69  5:17  Drone x3  
  74  5:24  Drone x2, Hatchery  
  74  5:28  Overlord, Extractor  
  74  5:33  Drone  
  74  5:35  Drone x2  
  77  5:37  Drone x3  
  77  5:40  Drone x3  
  82  5:43  Lair  
  82  5:46  Evolution Chamber  
  82  5:47  Drone  
  82  5:48  Drone x2  
  82  5:49  Zergling x2  
  86  5:50  Baneling Nest, Zergling x2, Evolution Chamber, Hatchery  
  83  6:10  Zergling x12  
  83  6:11  Zergling x6  
  91  6:14  Zerg Melee Weapons Level 1  
  91  6:15  Zerg Ground Armor Level 1  
  91  6:17  Queen x2  
  94  6:29  Spore Crawler  
  87  6:52  Queen x4  
  95  6:59  Zergling x16  
  95  7:00  Overlord x3  
  95  7:01  Overlord  
  103  7:07  Drone x2  
  105  7:10  Drone x2  
  105  7:11  Drone x2  
  109  7:22  Centrifical Hooks  
  109  7:24  Overseer  
  109  7:26  Drone  
  109  7:28  Queen  
  115  7:30  Drone x12  
  115  7:31  Zergling x2  
  115  7:32  Zergling x2  
  115  7:34  Baneling x4  
  115  7:35  Baneling  
  115  7:36  Baneling x2  
  115  7:37  Baneling  
  126  7:38  Baneling x3  
  126  7:39  Baneling  
  126  7:40  Baneling x2  
  126  7:41  Baneling x2  
  126  7:42  Baneling  
  126  7:43  Baneling x2  
  121  8:07  Drone x3  
  121  8:08  Drone x3  
  121  8:10  Extractor  
  121  8:12  Zerg Ground Armor Level 2, Zerg Melee Weapons Level 2  
  126  8:13  Extractor  
  126  8:16  Zergling x14  
  126  8:17  Spire  
  126  8:18  Overlord  
  131  8:21  Overlord  
  131  8:23  Overseer  
  131  8:27  Drone x2  
  133  8:35  Overlord x2  
  133  8:36  Hatchery  
  132  8:43  Zergling x30  
  147  8:54  Zergling x2  
  147  8:55  Zergling x16  
  156  9:01  Infestation Pit  
  156  9:02  Drone x2  
  157  9:04  Overlord x3  
  157  9:39  Zergling x36  
  157  9:40  Zergling x12  
  157  9:41  Baneling x2  
  157  9:42  Baneling x5  
  167  9:58  Drone x9  
  171  10:09  Drone x3  
  171  10:10  Drone x2  
  171  10:11  Zergling x6  
  179  10:20  Overlord x4  
  179  10:25  Extractor, Spine Crawler  
  179  10:26  Spore Crawler, Spine Crawler x3  
  179  10:28  Hive  
  173  10:29  Spine Crawler  
  173  10:31  Extractor  
  171  10:56  Corruptor x6  
  171  10:57  Corruptor x6  
  179  10:58  Corruptor x2  
  171  11:16  Zergling x40  
  171  11:17  Zergling x10  
  194  11:23  Baneling  
  194  11:24  Baneling x24  
  194  11:42  Drone x2  
  194  11:43  Drone  
  197  12:02  Drone  
  197  12:04  Ultralisk Cavern  
  197  12:06  Drone  
  198  12:08  Drone  
  198  12:09  Spore Crawler  
  198  12:10  Overseer  
  198  12:11  Spore Crawler  
  184  12:35  Zergling x6  
  184  12:36  Zergling x46  
  199  12:37  Zerg Melee Weapons Level 3, Zerg Ground Armor Level 3  
  199  12:39  Adrenal Glands  
  189  12:55  Zergling x22  
  189  12:58  Chitinous Plating  
  200  13:04  Hatchery  
  148  15:26  Ultralisk x7  
  148  15:27  Ultralisk x2  
  166  15:46  Zergling x54  
  166  15:47  Zergling x12  
  199  15:52  Overseer  
  199  16:09  Baneling  
  199  16:10  Baneling x22  
  199  16:15  Extractor  
  198  16:19  Extractor  
Tags
 
Add a new tag
Caveats
  • Supply blocks, unpowered buildings, or Contaminate may cause inaccurate times.
  • Supply counts are checked every 10 seconds.